Map: Kairos Junction LE

Players

Hellraiser

  • Race: Protoss Protoss
  • Spawn Location: 5:00

Lambo - Winner!

  • Race: Zerg Zerg
  • Spawn Location: 11:00

Event: IEM Season 13: Katowice (2019)

VOD

Have the link to the VOD?

Description

Time

  • Played on: Feb. 26, 2019, 11:23 a.m.
  • Length: 8:31

All games in this series

Show
View Real Time Build Order
Export as new Build Order

Hellraiser Protoss 

Build Orders: 1 Gate Expand, Archon Immortal 

Get SALT Encoding   

  12  0:01  Probe  
  13  0:13  Probe  
  14  0:19  Pylon  
  14  0:22  Probe  
  15  0:33  Probe  
  15  0:39  Gateway  
  16  0:43  Probe  
  16  0:47  Assimilator  
  17  0:55  Probe  
  18  1:07  Probe  
  19  1:14  Pylon  
  19  1:26  Nexus  
  19  1:29  Probe  
  20  1:35  Cybernetics Core  
  20  1:41  Probe  
  20  1:43  Assimilator  
  21  1:50  Pylon  
  21  1:53  Probe  
  22  2:01  Stalker  
  22  2:04  Probe  
  23  2:12  Warp Gate, Probe  
  25  2:20  Probe  
  27  2:32  Sentry, Probe  
  27  2:35  Probe  
  30  2:43  Probe  
  30  2:44  Probe  
  32  2:50  Robotics Facility  
  33  2:53  Probe  
  33  2:55  Gateway  
  33  2:56  Probe  
  35  3:05  Probe  
  36  3:08  Probe  
  37  3:16  Twilight Council  
  37  3:17  Probe  
  38  3:20  Probe  
  38  3:25  Immortal  
  38  3:26  Pylon  
  39  3:33  Probe  
  44  3:42  Probe  
  44  3:45  Probe  
  46  3:48  Gateway  
  46  3:50  Gateway  
  46  3:52  Charge  
  46  3:54  Immortal, Probe  
  47  3:57  Probe  
  47  4:00  Pylon  
  48  4:07  Probe  
  53  4:10  Probe  
  54  4:19  Probe  
  54  4:20  Stalker  
  54  4:21  Warp Prism  
  54  4:23  Probe  
  58  4:25  Assimilator x2  
  58  4:31  Forge  
  60  4:41  Probe x2  
  60  4:43  Pylon x2  
  62  4:50  Protoss Ground Weapons Level 1  
  62  4:51  Pylon  
  62  4:52  Pylon  
  62  5:01  Zealot x4  
  70  5:23  Zealot x4  
  78  5:36  Nexus  
  78  5:37  Pylon  
  78  5:39  Probe x2  
  66  5:51  Probe x2  
  66  5:55  Zealot x4  
  74  6:03  Probe  
  74  6:04  Probe  
  76  6:09  Shield Battery  
  76  6:15  Probe  
  76  6:16  Probe  
  70  6:23  Immortal  
  70  6:27  Probe  
  70  6:28  Probe  
  70  6:29  Sentry  
  70  6:30  Sentry  
  76  6:36  Gateway, Templar Archives  
  76  6:37  Gateway  
  81  6:43  Gateway x2  
  81  6:46  Phoenix  
  80  6:54  Gateway x2  
  80  6:56  Observer  
  80  7:02  Pylon  
  80  7:04  Probe x3  
  84  7:10  Immortal, Zealot x3  
  84  7:14  Zealot  
  96  7:27  Pylon  
  96  7:29  Pylon  
  96  7:31  Photon Cannon  
  96  7:32  High Templar  
  96  7:33  High Templar x3  
  96  7:34  High Templar x2  
  108  7:37  Archon  
  108  7:38  Pylon, Archon x2  
  108  7:42  Zealot x2  
  112  7:57  High Templar x2  
  116  8:01  Archon  
  116  8:02  Pylon  
  116  8:03  Zealot x2, Pylon  
  116  8:05  Zealot x4  
  128  8:07  Zealot  
  128  8:08  Sentry  
Show
View Real Time Build Order
Export as new Build Order

Lambo Zerg - Winner!

Build Orders: Pool First 

Get SALT Encoding   

  12  0:00  Drone  
  13  0:12  Overlord  
  13  0:17  Drone  
  14  0:31  Drone x2  
  16  0:35  Drone  
  17  0:44  Spawning Pool  
  17  0:48  Drone  
  17  0:57  Drone  
  18  1:14  Extractor  
  17  1:19  Drone  
  17  1:21  Hatchery  
  17  1:30  Queen  
  17  1:31  Zergling x2  
  17  1:32  Drone  
  21  1:40  Drone  
  22  1:53  Overlord  
  22  2:11  Queen  
  22  2:12  Drone x2  
  26  2:27  Hatchery  
  25  2:30  Drone  
  26  2:38  Drone x2  
  26  2:40  Drone  
  26  2:42  Pneumatized Carapace  
  28  2:45  Drone  
  28  2:51  Overlord, Drone  
  30  2:55  Drone  
  30  2:57  Drone  
  32  3:05  Drone  
  33  3:10  Drone  
  33  3:12  Drone x3  
  37  3:13  Drone  
  37  3:19  Drone  
  39  3:22  Drone x3  
  42  3:28  Overlord  
  42  3:30  Queen, Extractor  
  44  3:38  Drone x2  
  46  3:41  Drone x2  
  46  3:45  Drone  
  46  3:47  Overlord  
  49  3:49  Drone  
  50  3:55  Lair  
  50  3:56  Drone x2  
  50  3:59  Drone x2  
  50  4:00  Extractor  
  50  4:02  Extractor  
  52  4:04  Overlord, Roach Warren  
  52  4:05  Drone  
  52  4:10  Metabolic Boost  
  52  4:12  Drone x2  
  54  4:17  Drone x2  
  54  4:18  Drone x3  
  54  4:21  Overlord  
  59  4:29  Drone x2  
  59  4:30  Extractor  
  60  4:35  Overlord  
  60  4:46  Drone x3  
  60  4:49  Roach x6, Extractor, Overlord  
  60  4:52  Roach x2  
  78  4:57  Zergling x6  
  78  4:58  Roach x2  
  85  5:01  Overlord  
  85  5:04  Zergling x2  
  85  5:06  Queen x2  
  91  5:14  Zergling x10  
  91  5:16  Overseer  
  91  5:19  Overlord  
  91  5:21  Zergling x6  
  98  5:27  Baneling Nest  
  97  5:30  Roach x2  
  101  5:36  Overlord x2  
  101  5:38  Overlord  
  101  5:39  Roach Warren  
  101  5:42  Zergling x4  
  92  5:46  Zergling x4  
  88  5:59  Drone x2  
  88  6:03  Drone  
  91  6:08  Evolution Chamber  
  89  6:15  Centrifical Hooks  
  84  6:24  Roach x9  
  96  6:26  Glial Reconstitution  
  96  6:28  Zergling x6  
  96  6:31  Overseer  
  99  6:33  Drone x2  
  99  6:37  Roach x2, Zerg Missile Weapons Level 1  
  99  6:38  Ravager  
  106  6:44  Roach x2  
  106  6:46  Ravager  
  112  6:47  Ravager  
  112  6:48  Roach x2  
  112  6:49  Roach  
  112  6:51  Roach x2  
  122  6:54  Overlord x2  
  122  6:55  Overlord  
  122  7:01  Overlord  
  122  7:17  Roach x9  
  140  7:23  Zergling x8  
  140  7:27  Roach x2, Zergling x4  
  140  7:28  Zergling x4  
  152  7:33  Ravager  
  152  7:34  Ravager  
  152  7:36  Baneling x6  
  154  7:38  Overlord  
  154  7:49  Overlord  
  154  7:53  Overlord  
  154  7:57  Baneling x16  
  154  7:58  Roach  
  154  7:59  Roach x3  
  154  8:05  Overlord  
  162  8:11  Roach, Zergling x8  
  162  8:12  Zergling x6  

Tags
 
Add a new tag
Caveats
  • Supply blocks, unpowered buildings, or Contaminate may cause inaccurate times.
  • Supply counts are checked every 10 seconds.